 Dungeon Sprint DCSS version 0.29-a0-512-gf59ac788ac (webtiles) character file.

Game seed: 17612492954845794846

10 mhtbhm the Insei (level 2, -15/21 HPs)
             Began as a Merfolk Transmuter on May 30, 2022.
             Killed from afar by an oklob sapling (17 damage)
             ... with a splash of acid
             ... in the Dungeon (Sprint IV: "Fedhas' Mad Dash").
             The game lasted 00:00:32 (681 turns).

mhtbhm the Insei (Merfolk Transmuter)                Turns: 681, Time: 00:00:34

Health: -15/21     AC:  2    Str: 10    XL:     2   Next: 20%
Magic:  2/5        EV: 13    Int: 12    God:
Gold:   10         SH:  0    Dex: 14    Spells: 3/6 levels left

rFire   . . .      SeeInvis .     - Unarmed
rCold   . . .      Faith    .   (no shield)
rNeg    . . .      Spirit   .   a - +0 robe
rPois   .          Reflect  .   (helmet currently unavailable)
rElec   .          Harm     .   (no cloak)
rCorr   .          Rampage  .   (no gloves)
Will    .....      NoTele   +   (boots currently unavailable)
Stlth   +.........              (no amulet)
HPRegen 0.07/turn               (no ring)
MPRegen 0.09/turn               (no ring)

@: appendages, wereblooded
A: horns 2, (nimble swimmer 2), mertail
a: End Transformation


You were in the Dungeon.
You had temporarily grown beastly horns.
You visited 1 branch You collected 10 gold pieces.

Inventory:

Armour
 a - a +0 robe (worn)
Scrolls
 h - a scroll of blinking
Potions
 b - a potion of lignification
 c - a potion of curing
 d - a potion of heal wounds
 e - a potion of haste
 f - 2 potions of magic
 g - a potion of berserk rage


   Skills:
 + Level 1.1 Fighting
 + Level 3.3 Dodging
 + Level 4.7 Unarmed Combat
 + Level 2.6 Spellcasting
 + Level 3.4 Transmutations


You had 3 spell levels left.
You knew the following spells:

 Your Spells              Type           Power      Damage    Failure   Level
a - Beastly Appendage     Tmut           18%        N/A       6%          1
b - Wereblood             Tmut           9%         N/A       10%         2

Your spell library contained the following spells:

 Spells                   Type           Power      Damage    Failure   Level
 Spider Form              Tmut/Pois      5%         N/A       36%         3
 Ice Form                 Ice/Tmut       5%         N/A       77%         4


Dungeon Overview and Level Annotations

Branches:
Dungeon (1/1)

Altars:

Annotations:
D exclusion: oklob sapling


Innate Abilities, Weirdness & Mutations

You have temporarily grown beastly horns.
((You are very nimble when in or above water. (Stealth+, EV+, Speed+++)))
Your lower body shifts to a powerful aquatic tail in water.


Message History

You start resting.
Your horns disappear.
Your primal bloodlust has ended.
You start resting.
Magic restored.
You start resting.
You start resting.
HP restored.
Casting: Beastly Appendage (safe; 6% risk of failure)
Confirm with . or Enter, or press ? or * to list all spells.
Your blood is infused with primal strength.
Casting: Wereblood (safe; 10% risk of failure)
Confirm with . or Enter, or press ? or * to list all spells.
You grow a pair of large bovine horns.
Unknown command.
Really walk into a travel-excluded area?
There is an open door here.
Unknown command.
You hit the oklob sapling but do no damage.
You hit the oklob sapling but do no damage.
You punch the oklob sapling.
The oklob sapling is severely damaged.
The oklob sapling spits acid at you. The splash of acid hits you!!
Ouch! That really hurt!
* * * LOW HITPOINT WARNING * * *
Press: ? - help, v - describe, . - travel
Here: an oklob sapling (severely damaged)
The floor.
Unknown command.
You hit the oklob sapling.
The oklob sapling is almost destroyed.
Unknown command.
You hit the oklob sapling but do no damage.
You headbutt the oklob sapling, but do no damage.
The oklob sapling is almost destroyed.
The oklob sapling spits acid at you. The splash of acid hits you!
Ouch! That really hurt!
You die...

##################
#<..P#.....#.$$$$#
#PP..'.....@.#
#PPPP#.....#P#
##############


You could see an oklob sapling.

Vanquished Creatures
  A river rat (D)
  A rat (D)
2 creatures vanquished.

Notes
Turn   | Place    | Note
-------+----------+-------------------------------------------
     0 | D        | mhtbhm the Merfolk Transmuter began the quest for the Orb.
     0 | D        | Reached XP level 1. HP: 15/15 MP: 3/3
    16 | D        | Reached skill level 4 in Unarmed Combat
    16 | D        | Reached XP level 2. HP: 17/21 MP: 1/5
   124 | D        | Learned a level 2 spell: Wereblood
   127 | D        | Noticed an oklob sapling
   127 | D        | HP: 1/21 [oklob sapling/splash of acid (20)]
   681 | D        | Killed from afar by an oklob sapling

Illustrated notes

Levels and vault maps discovered:
D:        dungeon_sprint_fedhas [sprint_temple]

Skill      XL: |  1 |
---------------+----+-----
Dodging        | 3 |  3.3
Unarmed Combat | 4 |  4.7
Transmutations | 3 |  3.4
Fighting       | |  1.1
Spellcasting   | |  2.6

Action                   || total
-------------------------++-------
Melee: Unarmed           ||    13
       Headbutt          ||     3
       Punch             ||     1
 Cast: Beastly Appendage ||     4
       Wereblood         ||     3
Armor: Robe              ||     1
Dodge: Dodged            ||     7

Table legend: (Time is in decaauts)
 A = Elapsed time spent in this place.
 B = Non-inter-level travel time spent in this place.
 C = Inter-level travel time spent in this place.
 D = Time resting spent in this place.
 E = Time spent auto-exploring this place.
 F = Levels seen in this place.
 G = Mean time per level.
                   A        B        C        D        E       F      G
               +--------+--------+--------+--------+--------+-----+--------+
         Total |    680 |    680 |      0 |    640 |      0 |   1 |  680.0 |
       Dungeon |    680 |    680 |      0 |    640 |      0 |   1 |  680.0 |
               +--------+--------+--------+--------+--------+-----+--------+

Top non-repeatable levels by time:
       D: 680 daAuts
